 Dungeon Crawl Stone Soup version 0.22-a0-422-g9628fc8 (webtiles) character file.

725 iamserjio the Ducker (level 7, -5/35 HPs)
             Began as a Spriggan Transmuter on May 22, 2018.
             Was an Initiate of Gozag.
             Slain by CapnJeff's ghost (18 damage)
             ... on level 4 of the Dungeon.
             The game lasted 00:19:09 (6279 turns).

iamserjio the Ducker (Spriggan Transmuter)          Turns: 6279, Time: 00:19:09

Health: -5/35      AC:  2    Str:  8    XL:     7   Next: 43%
Magic:  6/12       EV: 26    Int: 14    God:    Gozag
Gold:   364        SH:  0    Dex: 22    Spells: 6/12 levels left

rFire    . . .     SeeInvis +     - Unarmed
rCold    . . .     Gourm    .   (shield currently unavailable)
rNeg     . . .     Faith    .   (armour currently unavailable)
rPois    x         Spirit   .   (helmet currently unavailable)
rElec    .         Reflect  .   (cloak currently unavailable)
rCorr    .         Harm     .   (gloves unavailable)
MR       +....                  (boots unavailable)
Stlth    +++.......             (no amulet)
HPRegen  0.11/turn              (no ring)
MPRegen  0.13/turn              (no ring)

@: spider-form
A: tiny, unfitting armour, see invisible, herbivore, slow metabolism 2
a: End Transformation, Potion Petition, Call Merchant, Bribe Branch, Renounce
Religion


You were on level 4 of the Dungeon.
You worshipped Gozag.
Gozag was aware of your devotion.
You were not hungry.
You were a venomous arachnid creature.
You visited 2 branches of the dungeon, and saw 6 of its levels.

You collected 485 gold pieces.
You spent 88 gold pieces at shops.
You paid 33 gold pieces to Gozag.

Inventory:

Missiles
 m - 14 tomahawks (quivered)
 s - 49 stones
 u - a throwing net
 w - 12 arrows
Armour
 b - a +0 robe
 l - a cursed +0 robe (melded)
 A - a +0 robe of positive energy
 B - a +0 buckler
Wands
 q - a wand of polymorph (10)
Scrolls
 a - a scroll of enchant weapon
 k - 3 scrolls of teleportation
 o - a scroll of fog {unknown}
 t - a scroll of blinking {unknown}
 v - a scroll of noise {unknown}
 x - a scroll of identify
 y - 3 scrolls of remove curse {unknown}
Potions
 c - 2 potions of ambrosia
 e - 5 potions of heal wounds
 f - 2 potions of haste
 g - 2 potions of brilliance {unknown}
 h - 4 potions of lignification
 i - 2 potions of might
 j - 2 potions of agility
 n - a potion of cancellation {unknown}
 p - 3 potions of curing
 r - a potion of degeneration {unknown}
 z - a potion of flight {unknown}
 C - a potion of resistance {unknown}
Comestibles
 d - 8 rations


   Skills:
 + Level 2.5 Fighting
 + Level 6.0 Dodging
 + Level 3.7 Stealth
 * Level 4.3 Unarmed Combat
 - Level 3.0 Spellcasting
 + Level 5.7 Transmutations
 - Level 1.0 Poison Magic


You had 6 spell levels left.
You knew the following spells:

 Your Spells              Type           Power        Failure   Level  Hunger
a - Beastly Appendage     Tmut           ###...       8%          1    #......
b - Sticks to Snakes      Tmut           ###.....     11%         2    ##.....
c - Spider Form           Tmut/Pois      ##........   34%         3    ###....

Your spell library contained the following spells:

 Spells                   Type           Power        Failure   Level  Hunger
 Fireball                 Conj/Fire      #.........   100%        5    ######.
 Conjure Flame            Conj/Fire      #.......     75%         3    ###....
 Throw Flame              Conj/Fire      #.....       54%         2    ##.....
 Sticky Flame             Conj/Fire      #.......     98%         4    #####..
 Blade Hands              Tmut           ###.......   71%         5    ######.
 Ice Form                 Ice/Tmut       ##......     75%         4    #####..
 Flame Tongue             Conj/Fire      #....        43%         1    #......
 Inner Flame              Hex/Fire       #.......     75%         3    ###....


Dungeon Overview and Level Annotations

Branches:
Dungeon (5/15)             Temple (1/1) D:4

Altars:
Ashenzari
Cheibriados
Gozag
Hepliaklqana
Kikubaaqudgha
Ru
Vehumet

Shops:
D:4 [=

Annotations:
D:4 CapnJeff's ghost, amateur GnFi
D:5 crawlian's ghost, amateur DEFE


Innate Abilities, Weirdness & Mutations

You are very small and have problems with some larger weapons.
You are too small for most types of armour.
You have supernaturally acute eyesight. (SInv)
You are a herbivore.
((You cover ground extremely quickly.))
You need to consume almost no food.


Message History

Your ball python bites CapnJeff's ghost but does no damage.
You strike the helpless CapnJeff's ghost from behind!
You hit CapnJeff's ghost but do no damage.
CapnJeff's ghost is lightly damaged.
Your ball python closely misses CapnJeff's ghost.
Your ball python bites CapnJeff's ghost but does no damage.
CapnJeff's ghost hits you!
Your ball python barely misses CapnJeff's ghost.
You barely miss CapnJeff's ghost.
CapnJeff's ghost is lightly damaged.
Your ball python bites CapnJeff's ghost but does no damage. x2
CapnJeff's ghost completely misses you.
Your ball python barely misses CapnJeff's ghost.
Your ball python bites CapnJeff's ghost.
Your ball python bites CapnJeff's ghost but does no damage.
Your ball python bites CapnJeff's ghost but does no damage.
CapnJeff's ghost hits you!!
Ouch! That really hurt!
You die...
Your body crumbles into a pile of gold.

.......##.##..............### #.
#.....#.................#.####...
##.###..b......#..#..####......##
##.##.....#......###.# #..#####
.......##.......## #.## #.## ###
...............## #..# #.#####..
...............# ##.# #.##....#
.......#.##....#### #.# #.##.####
.........###[...s.###.###.##.#
..........####...WS.#........#
......###...#.....S.......####
#....######..)#####)..##.##
#.##.............))S.....#
#W#################..###.#### #.#
##.........##
..################..##.......#
.......W....∩......###########


You could see CapnJeff's ghost and 3 friendly ball pythons.

Vanquished Creatures
  2 ogres
  A bullfrog (D:3)
  2 scorpions (D:4)
  A centaur zombie (D:5)
  2 orc priests
  An orc wizard (D:5)
  2 iguanas
  4 worker ants
  A killer bee zombie (D:5)
  An adder (D:3)
  An ooze (D:2)
  4 worms
  2 leopard geckos (D:4)
  16 orcs
  4 giant cockroaches
  3 hobgoblins
  8 kobolds
  A quokka (D:3)
  A ball python (D:5)
  A ball python skeleton (D:5)
  9 bats
  4 frilled lizards
  5 goblins
  A quokka zombie (D:5)
  4 rats
81 creatures vanquished.

Vanquished Creatures (collateral kills)
  A hound (D:2)
  2 adders
  A worm (D:3)
  A goblin (D:2)
5 creatures vanquished.

Grand Total: 86 creatures vanquished

Notes
Turn   | Place    | Note
-------+----------+-------------------------------------------
     0 | D:1      | iamserjio the Spriggan Transmuter began the quest for the Orb.
     0 | D:1      | Reached XP level 1. HP: 9/9 MP: 5/5
   711 | D:1      | Reached XP level 2. HP: 14/14 MP: 4/6
   715 | D:1      | Learned a level 2 spell: Sticks to Snakes
  1048 | D:2      | Reached skill level 1 in Fighting
  1087 | D:2      | Found a sacrificial altar of Ru.
  1395 | D:2      | Reached XP level 3. HP: 15/18 MP: 8/8
  1400 | D:2      | Learned a level 3 spell: Spider Form
  1561 | D:2      | Reached skill level 4 in Dodging
  1750 | D:2      | Reached skill level 1 in Poison Magic
  2030 | D:2      | Found a faded altar of an unknown god.
  2122 | D:3      | Reached XP level 4. HP: 12/22 MP: 6/9
  2647 | D:3      | Found a hazy altar of Hepliaklqana.
  2747 | D:3      | Noticed a bullfrog
  3614 | D:3      | Killed a bullfrog
  3614 | D:3      | Reached XP level 5. HP: 21/25 MP: 6/10
  3853 | D:4      | Noticed CapnJeff's ghost (amateur GnFi)
  3854 | D:4      | Found a staircase to the Ecumenical Temple.
  3863 | Temple   | Entered the Ecumenical Temple
  3873 | Temple   | Became a worshipper of Gozag Ym Sagoz the Greedy
  3885 | D:4      | Found Hicinyni's Jewellery Shop.
  3979 | D:3      | Reached skill level 5 in Dodging
  3993 | D:4      | Reached skill level 1 in Stealth
  4078 | D:4      | Reached skill level 5 in Transmutations
  4078 | D:4      | Reached XP level 6. HP: 14/30 MP: 7/11
  4507 | D:4      | Found Tatt's Antique Armour Boutique.
  4905 | D:4      | Bought an embroidered robe for 88 gold pieces
  4930 | D:4      | Reached XP level 7. HP: 25/35 MP: 8/12
  5123 | D:5      | Entered Level 5 of the Dungeon
  5300 | D:5      | Found a shattered altar of Ashenzari.
  5453 | D:5      | Noticed crawlian's ghost (amateur DEFE)
  5655 | D:5      | Reached skill level 6 in Dodging
  6279 | D:4      | Slain by CapnJeff's ghost

Vault maps used:
D:1:      doesnt_arrival_eight_statues
D:2:      nicolae_ru_the_path_less_chosen, chequers_ecumenical_altar_grove
D:3:      lemuel_doored_altar
D:4:      minmay_temple_entry_butterflies, serial_shops, shop, shop,
          first_ration
D:5:      evilmike_ruin_ashenzari
Temple:   eino_temple_scatter_basement

Skill      XL: |  1  2  3  4  5  6  7 |
---------------+----------------------+-----
Transmutations | 3 4 5 |  5.7
Fighting       | 1 2 |  2.5
Spellcasting   | 3 |  3.0
Dodging        | 4 5 6 |  6.0
Poison Magic   | 1 |  1.0
Unarmed Combat | 3 4 |  4.3
Stealth        | 1 3 |  3.7

Action                   |  1- 3 |  4- 6 |  7- 9 || total
-------------------------+-------+-------+-------++-------
Melee: Unarmed           |   123 |   123 |    95 ||   341
       Kick              |    10 |       |       ||    10
       Punch             |     1 |       |       ||     1
       Headbutt          |     3 |     5 |       ||     8
 Cast: Beastly Appendage |    17 |     4 |       ||    21
       Sticks to Snakes  |     9 |     7 |     5 ||    21
       Spider Form       |       |    12 |    10 ||    22
  Use: Scroll            |       |     8 |       ||     8
 Stab: Sleeping          |     2 |     2 |     1 ||     5
       Distracted        |       |       |     2 ||     2
  Eat: Ration            |       |     2 |     2 ||     4
Armor: Robe              |    19 |     5 |       ||    24
       Skin              |       |       |     1 ||     1
Dodge: Dodged            |   116 |    97 |    75 ||   288

Table legend:
 A = Spawn XP
 B = Non-spawn XP
 C = Spawn XP percentage of total XP
 D = Spawn monster count
 E = Non-spawn monster count
 F = Spawn count percentage of total count
 G = Total turns spent on level
                    A         B        C        D         E        F      G
               +---------+---------+-------+---------+---------+-------+---------
         Total |       0 |    1036 |   0.0 |       0 |      86 |   0.0 |  6279
               +---------+---------+-------+---------+---------+-------+---------
           D:1 |       0 |      14 |   0.0 |       0 |      10 |   0.0 |  1024
           D:2 |       0 |      76 |   0.0 |       0 |      20 |   0.0 |  1059
           D:3 |       0 |     246 |   0.0 |       0 |      21 |   0.0 |  1843
           D:4 |       0 |     426 |   0.0 |       0 |      15 |   0.0 |  1243
           D:5 |       0 |     274 |   0.0 |       0 |      20 |   0.0 |  1090
               +---------+---------+-------+---------+---------+-------+---------
